 Dungeon Crawl Stone Soup version 0.13-a0-2590-g8c14591 (webtiles) character file.

167 JulietteNo the Vexing (level 4, -2/21 HPs)
             Began as a Spriggan Enchanter on Aug 2, 2013.
             Slain by an adder (5 damage)
             ... on Level 3 of the Dungeon.
             The game lasted 00:20:02 (4572 turns).

JulietteNo the Vexing (Spriggan Enchanter)          Turns: 4572, Time: 00:20:02

HP  -2/21        AC  3     Str  4      XL: 4   Next: 12%
MP  13/13        EV 18     Int 17      God:
Gold 91          SH  0     Dex 16      Spells:  1 memorised,  8 levels left

Res.Fire  : . . .   See Invis. : +   s - +3,+0 dwarf dagger (freeze)
Res.Cold  : . . .   Warding    : .   b - +1 robe
Life Prot.: . . .   Conserve   : .   (shield restricted)
Res.Poison: .       Res.Corr.  : .   (helmet restricted)
Res.Elec. : .       Clarity    : .   (no cloak)
Sust.Abil.: . .     Spirit.Shd : .   (gloves unavailable)
Res.Mut.  : .       Stasis     : .   (boots unavailable)
Res.Rott. : .       Flight     : .   (no amulet)
Saprovore : . . .                    v - cursed -5,-3 ring of slaying {unknown}
                                     p - ring of protection from magic

@: mildly poisoned, very quick, quite resistant to hostile enchantments,
stealthy
A: unfitting armour, see invisible, herbivore 3, speed 3, slow metabolism 2
a: no special abilities


You were on level 3 of the Dungeon.
You were not hungry.

You visited 1 branch of the dungeon, and saw 3 of its levels.

You collected 71 gold pieces.

Inventory:

Hand weapons
 a - a +1,+1 dagger {=f}
 s - a +3,+0 dwarven dagger of freezing (weapon)
Missiles
 f - a dart (quivered)
 m - a steel dart
 n - 3 poisoned darts
Armour
 b - a +1 robe (worn)
 o - a +0 fire dragon hide
Comestibles
 d - a bread ration
 q - an apple
Jewellery
 p - a ring of protection from magic (left hand)
 v - a cursed -5,-3 ring of slaying (right hand) {unknown}
Potions
 e - a potion of porridge
 g - a potion of speed {unknown}
 h - a potion of restore abilities {unknown}
 i - 2 potions of invisibility
 j - 2 potions of confusion {unknown}
 k - 2 potions of flight {unknown}
 l - a potion of might {unknown}
 r - a potion of agility {unknown}
Books
 c - a book of Maledictions

   Spells                             Type                      Level
   *Corona                            Hexes                        1
   Sure Blade                         Hexes/Charms                 2
   Ensorcelled Hibernation            Hexes/Ice                    2
   Confuse                            Hexes                        3
   Enslavement                        Hexes                        4
   Invisibility                       Hexes                        6


   Skills:
 - Level 1.1 Short Blades
 - Level 1.1 Throwing
 - Level 3.0 Dodging
 - Level 3.0 Stealth
 * Level 3.4 Spellcasting
 - Level 5.0 Hexes


You had 8 spell levels left.
You knew the following spells:

 Your Spells              Type           Power        Failure   Level  Hunger
a - Corona                Hex            ###....      2%          1    None


Dungeon Overview and Level Annotations

Branches:
Dungeon (3/27)

Altars:
Elyvilon
Kikubaaqudgha
Yredelemnul

Annotations
D:2 Ijyb
D:3 Sigmund


Innate Abilities, Weirdness & Mutations

You are tiny and cannot use many weapons and most armour.
You have supernaturally acute eyesight.
You are a herbivore.
You cover ground extremely quickly.
You need consume almost no food.


Message History

You hit the adder but do no damage.
The adder is heavily wounded.
The adder bites you but does no damage.
You hit the adder. You freeze the adder.
The adder is almost dead.
* * * LOW HITPOINT WARNING * * *
You feel sick. The adder bites you but does no damage.
You miss the adder.
The adder is almost dead.
* * * LOW HITPOINT WARNING * * *
You feel sick. The adder completely misses you.
You hit the adder but do no damage.
The adder is almost dead.
* * * LOW HITPOINT WARNING * * *
You feel sick.
You hit the adder but do no damage.
The adder is almost dead.
* * * LOW HITPOINT WARNING * * *
You feel sick. The adder bites you.
You die...

...#
#.###..#####.#####.#
...# #. #......#...#
#.# ### #.
#..###.#...# #.#
#..# #.#.#####.#
#..###.#.......#
#.###......#########
.............#
#.##........#
...$.....)@#
..........S%#
...........#
##........#
#........# ..$.....#
.......# ######


You could see an adder.

Vanquished Creatures
  Jessica (D:3)
  3 adders
  A human zombie (D:2)
  2 giant cockroaches (D:1)
  4 goblins
  2 hobgoblins (D:3)
  2 ball pythons (D:1)
  6 bats
  2 giant geckos
  A giant newt (D:1)
  5 kobolds
  A kobold zombie (D:2)
  3 rats (D:2)
33 creatures vanquished.

Notes
Turn   | Place    | Note
--------------------------------------------------------------
     0 | D:1      | JulietteNo, the Spriggan Enchanter, began the quest for the Orb.
     0 | D:1      | Reached XP level 1. HP: 9/9 MP: 4/4
   270 | D:1      | Reached skill level 4 in Hexes
   792 | D:1      | Reached XP level 2. HP: 13/13 MP: 6/6
  1117 | D:2      | Found an ancient bone altar of Kikubaaqudgha.
  1522 | D:2      | Noticed Ijyb
  2145 | D:2      | Reached XP level 3. HP: 6/16 MP: 7/9
  2397 | D:2      | Reached skill level 5 in Hexes
  2404 | D:2      | Found a basalt altar of Yredelemnul.
  2406 | D:2      | Found a white marble altar of Elyvilon.
  3885 | D:3      | Noticed Jessica
  3889 | D:3      | Killed Jessica
  3892 | D:3      | Noticed Sigmund
  4548 | D:3      | Reached XP level 4. HP: 21/21 MP: 13/13
  4572 | D:3      | Slain by an adder

Action                   |  1- 3 |  4- 6 || total
-------------------------+-------+-------++-------
Melee: Dagger            |   167 |    23 ||   190
Throw: Dart              |    27 |       ||    27
       Stone             |     1 |       ||     1
 Cast: Corona            |     4 |     1 ||     5
  Use: Scroll            |     4 |       ||     4
       Potion            |     2 |       ||     2
 Stab: Sleeping          |     9 |       ||     9
